 Dungeon Crawl Stone Soup version 0.28-a0-1622-gc30f734a66 (webtiles) character file.

Game seed: 15486811282001192541

434 Lekart the Cutter (level 6, 0/36 (42) HPs)
             Began as a Draconian Chaos Knight on Jan 23, 2022.
             Was a Plaything of Xom.
             Killed from afar by Blork the orc (6 damage)
             ... with a puff of flame
             ... on level 4 of the Dungeon.
             The game lasted 00:09:03 (4084 turns).

Lekart the Cutter (Draconian Chaos Knight)          Turns: 4084, Time: 00:09:04

HP:   0/36 (42)     AC:  9    Str: 22      XL:     6   Next: 68%
MP:   15/15         EV: 12    Int: 12 (15) God:    Xom [....*.]
Gold: 127           SH:  4    Dex: 12      Spells: 5/5 levels left

rFire   . . .      SeeInvis .   l - +2 dagger (pain)
rCold   . . .      Faith    .   r - +1 buckler "Kojod" {Str+2}
rNeg    . . .      Spirit   .   (armour unavailable)
rPois   +          Reflect  .   (helmet restricted)
rElec   .          Harm     .   j - +2 cloak
rCorr   .          Rampage  .   (no gloves)
Will    .....                   (no boots)
Stlth   +.........              (no amulet)
HPRegen 0.12/turn               p - +6 ring of strength
MPRegen 0.14/turn               e - ring of magical power

@: heavily drained
A: AC +6, unfitting armour, cold-blooded, clever 1, deterioration 1, frail 2,
poison resistance
a: Renounce Religion


You were on level 4 of the Dungeon.
You worshipped Xom.
You were a beloved toy of Xom.
You visited 1 branch of the dungeon, and saw 4 of its levels.

You collected 127 gold pieces.

Inventory:

Hand Weapons
 a - a +0 short sword of chaos
 c - a +2 vorpal dire flail
 g - a +0 dagger
 l - a +2 dagger of pain (weapon)
Missiles
 h - 2 boomerangs (quivered)
Armour
 j - a +2 cloak (worn)
 r - the +1 buckler "Kojod" (worn) {Str+2}
   (You found it on level 3 of the Dungeon)

   Str:       It affects your strength (+2).
Jewellery
 e - a ring of magical power (right hand)
 p - a +6 ring of strength (left hand)
Wands
 s - a wand of iceblast (17)
Scrolls
 d - a scroll of amnesia
 f - a scroll of identify


   Skills:
 + Level 4.6 Fighting
 + Level 5.1 Short Blades
 + Level 0.8 Throwing
 + Level 3.6 Dodging
 + Level 0.7 Shields
 * Level 2.5 Necromancy


You had 5 spell levels left.
You didn't know any spells.
Your spell library contained the following spells:

 Spells                   Type           Power      Damage    Failure   Level
 Corpse Rot               Necr/Air       6%         N/A       38%         2
 Poisonous Vapours        Pois/Air       0%         N/A       56%         2


Dungeon Overview and Level Annotations

Branches:
Dungeon (4/15)
 Temple: D:4-7

Altars:

Shops:
D:1 :

Annotations:
D:2 exclusion: downstairs
D:4 Blork the orc


Innate Abilities, Weirdness & Mutations

Your plain brown scales are hard. (AC +6)
You cannot fit into any form of body armour.
You are cold-blooded and may be slowed by cold attacks.
Your mind is acute. (Int +2)
Your body sometimes deteriorates upon taking damage.
You are very frail. (-20% HP)
Your system is resistant to poisons. (rPois)


Message History

You hit Blork the orc.
Blork the orc writhes in agony.
Your tail-slap misses Blork the orc.
Blork the orc is heavily wounded.
Blork the orc miscasts a cantrip.
You hit Blork the orc.
Blork the orc is heavily wounded.
Blork the orc gestures at you while chanting.
The magic dart hits you!
Your body deteriorates!
You feel dopey.
You hit Blork the orc but do no damage.
Blork the orc is heavily wounded.
You hit Blork the orc.
Blork the orc writhes in agony.
Your tail-slap misses Blork the orc.
Blork the orc is severely wounded.
Blork the orc hits you but does no damage.
You feel drained.
You hit Blork the orc but do no damage.
Blork the orc writhes in agony.
Blork the orc is severely wounded.
Blork the orc hits you with a +2 dire flail of draining.
You feel drained.
You hit Blork the orc.
Blork the orc writhes in agony.
Blork the orc is almost dead.
Blork the orc gestures at you while chanting.
The magic dart hits you!
You closely miss Blork the orc.
Blork the orc is almost dead.
You barely miss Blork the orc.
Blork the orc is almost dead.
Blork the orc closely misses you.
You closely miss Blork the orc.
Blork the orc is almost dead.
Blork the orc hits you with a +2 dire flail of draining!
* * * LOW HITPOINT WARNING * * *
You feel drained.
* * * LOW HITPOINT WARNING * * *
You hit Blork the orc.
Blork the orc is almost dead.
Blork the orc points at you and mumbles some strange words.
The puff of flame hits you.
You die...

#.......
#....... *
#.......
*#####
#.......
##...#
#.....).
#....#
#.......
#....##
#####...
#.....# #.#.
#@....### #.#.
#...o.##...#
#.##
#.......#*.#.#
#.*#
#...#..)#* #.#
#.##
...).#...# #[#
#... ....
#...# #.# ####
... #...#
#.####### #
... ....#
#.......# #
#######.####


You could see Blork the orc.

Vanquished Creatures
  Edmund (D:4)
  An orc priest (D:2)
  A centaur skeleton (D:3)
  Ijyb (D:2)
  An iguana (D:4)
  8 adders
  An ufetubus (D:4)
  A worm (D:2)
  3 dart slugs
  8 orcs
  3 endoplasms
  A giant cockroach (D:1)
  3 goblins (D:1)
  3 hobgoblins
  4 jackals (D:2)
  2 quokkas (D:4)
  3 ball pythons
  4 bats
  A frilled lizard (D:1)
  5 kobolds
  5 rats
60 creatures vanquished.

Vanquished Creatures (collateral kills)
  A kobold brigand (D:4)
1 creature vanquished.

Vanquished Creatures (others)
  A rat (D:3)
1 creature vanquished.

Grand Total: 62 creatures vanquished

Notes
Turn   | Place    | Note
-------+----------+-------------------------------------------
     0 | D:1      | Lekart the Draconian Chaos Knight began the quest for the
                  | Orb.
     0 | D:1      | Reached XP level 1. HP: 19/19 MP: 1/1
    19 | D:1      | XOM: silly message
   332 | D:1      | Found Merot's Book Boutique.
   358 | D:1      | Reached XP level 2. HP: 25/26 MP: 2/2
   438 | D:1      | Found a faded altar of an unknown god.
   594 | D:1      | XOM: cast spell 'Olgreb's Toxic Radiance'
  1127 | D:2      | Reached XP level 3. HP: 28/33 MP: 3/3
  1130 | D:2      | XOM: silly message
  1357 | D:2      | XOM: potion effect (brilliance)
  1554 | D:2      | XOM: divination: magic mapping
  1574 | D:2      | XOM: god gift: 24 arrows
  1647 | D:2      | XOM is BORED!
  1647 | D:2      | XOM: give mutations
  1647 | D:2      | Gained mutation: Your body sometimes deteriorates upon
                  | taking damage. [Xom's mischief]
  1647 | D:2      | Gained mutation: You are frail. (-10% HP) [Xom's mischief]
  1658 | D:3      | Reached skill level 1 in Necromancy
  1658 | D:3      | Reached XP level 4. HP: 36/36 MP: 4/4
  1711 | D:3      | Identified the +1 buckler "Kojod" {Str+2}
  1732 | D:3      | XOM: scenery: summon butterflies
  1736 | D:3      | XOM: scenery: summon butterflies
  1742 | D:3      | Noticed Ijyb
  1757 | D:3      | XOM: fog
  1873 | D:3      | XOM: butterfly on damage
  2004 | D:2      | Reached skill level 4 in Short Blades
  2216 | D:3      | XOM: potion effect (curing)
  2224 | D:2      | XOM: noise
  2241 | D:2      | Killed Ijyb
  2384 | D:2      | XOM: summons 1 hostile shadow creature
  2609 | D:3      | XOM: blink monster(s)
  2617 | D:2      | Reached XP level 5. HP: 14/41 MP: 5/5
  2920 | D:3      | XOM: give mutations
  2920 | D:3      | Gained mutation: You are very frail. (-20% HP) [Xom's
                  | mischief]
  2920 | D:3      | Gained mutation: You are weak. (Str -2) [Xom's mischief]
  2920 | D:3      | Gained mutation: You have a pair of small horns on your
                  | head. [Xom's mischief]
  3182 | D:3      | Noticed a shapeshifter
  3182 | D:3      | an orc changed into a shapeshifter
  3182 | D:3      | XOM: polymorph orc -> shapeshifter
  3182 | D:3      | Noticed a troll
  3182 | D:3      | a shapeshifter changed into a troll
  3289 | D:4      | Noticed Blork the orc
  3482 | D:4      | Noticed Edmund
  3507 | D:4      | Killed Edmund
  3508 | D:4      | Reached XP level 6. HP: 24/42 MP: 6/6
  3676 | D:4      | XOM: summons 4 hostile demons
  3677 | D:4      | Noticed a neqoxec
  3687 | D:4      | Reached skill level 5 in Short Blades
  3774 | D:4      | Lost mutation: You have a pair of small horns on your head.
                  | [potion of mutation]
  3774 | D:4      | Lost mutation: You are weak. (Str -2) [potion of mutation]
  3774 | D:4      | Gained mutation: Your system is resistant to poisons.
                  | (rPois) [potion of mutation]
  3774 | D:4      | Gained mutation: Your mind is acute. (Int +2) [potion of
                  | mutation]
  3975 | D:4      | XOM: divination: magic mapping
  4069 | D:4      | XOM: 2-stop teleportation journey
  4084 | D:4      | Killed from afar by Blork the orc

Illustrated notes

Levels and vault maps discovered:
D:1:      lightli_arrival_statue_moat, layout_basic, basic_ecumenical_altar,
          serial_shops, shop, minmay_unequal
D:2:      layout_loops_ring, minivault_24, minmay_misc_feat_ornament
D:3:      layout_rooms, jmf_multi_god_temple2, uniq_ijyb
D:4:      layout_basic, uniq_edmund, uniq_blork_the_orc

Skill      XL: |  1  2  3  4  5  6 |
---------------+-------------------+-----
Fighting       | 4 |  4.6
Necromancy     | 1 2 |  2.5
Short Blades   | 4 5 |  5.1
Dodging        | 3 |  3.6
Throwing       | |  0.8
Shields        | |  0.7

Action                   |  1- 3 |  4- 6 || total
-------------------------+-------+-------++-------
Melee: Short sword       |    20 |    11 ||    31
       Tailslap          |    10 |    23 ||    33
       Dagger            |    66 |   163 ||   229
       Punch             |     1 |       ||     1
       Headbutt          |       |    11 ||    11
Throw: Boomerang         |    11 |       ||    11
  Use: Scroll            |     1 |     5 ||     6
       Potion            |       |     6 ||     6
 Stab: Sleeping          |     2 |       ||     2
Armor: Skin              |    23 |    74 ||    97
Dodge: Dodged            |    48 |    88 ||   136
Block: Buckler           |       |    28 ||    28

Table legend: (Time is in decaauts)
 A = Elapsed time spent in this place.
 B = Non-inter-level travel time spent in this place.
 C = Inter-level travel time spent in this place.
 D = Time resting spent in this place.
 E = Time spent auto-exploring this place.
 F = Levels seen in this place.
 G = Mean time per level.
                   A        B        C        D        E       F      G
               +--------+--------+--------+--------+--------+-----+--------+
         Total |   4035 |   3915 |    120 |   1453 |   1530 |   4 | 1008.8 |
       Dungeon |   4035 |   3915 |    120 |   1453 |   1530 |   4 | 1008.8 |
               +--------+--------+--------+--------+--------+-----+--------+

Top non-repeatable levels by time:
     D:2: 1962 daAuts
     D:1: 764 daAuts
     D:4: 704 daAuts
     D:3: 604 daAuts
